 Dungeon Sprint DCSS version 0.28.0-43-g3370ac3207 (webtiles) character file.

Game seed: 15773448714663512724

455 boopmooplesden the Cleaver (level 6, 0/67 HPs)
             Began as a Minotaur Berserker on Mar 17, 2022.
             Was a Believer of Trog.
             Slain by an orange demon (7 damage)
             ... summoned by a kobold demonologist
             ... in the Dungeon (Sprint I: "Red Sonja").
             The game lasted 00:00:59 (545 turns).

boopmooplesden the Cleaver (Minotaur Berserker)      Turns: 545, Time: 00:01:00

Health: 0/67       AC:  3    Str: 21    XL:     6   Next: 76%
Magic:  5/5        EV: 14    Int:  4    God:    Trog [**....]
Gold:   270        SH:  0    Dex: 12    Spells: 5/5 levels left

rFire   . . .      SeeInvis .   l - +4 scythe (flame)
rCold   . . .      Faith    .   (shield currently unavailable)
rNeg    . . .      Spirit   .   j - +0 leather armour
rPois   .          Reflect  .   (helmet restricted)
rElec   .          Harm     .   (no cloak)
rCorr   .          Rampage  .   (no gloves)
Will    .....      NoTele   +   (no boots)
Stlth   +.........              (no amulet)
HPRegen 0.21/turn               (no ring)
MPRegen 0.09/turn               (no ring)

@: lethally poisoned (0 -> -16)
A: horns 2, retaliatory headbutt
a: Renounce Religion, Berserk, Trog's Hand


You were in the Dungeon.
You worshipped Trog.
Trog was pleased with you.
You visited 1 branch You collected 270 gold pieces.

Inventory:

Hand Weapons
 a - a +0 hand axe
 l - a +4 scythe of flaming (weapon)
Armour
 b - a +0 animal skin
 j - a +0 leather armour (worn)
 k - a +0 robe of cold resistance
Wands
 i - a wand of digging (9)
Scrolls
 h - a scroll of blinking
Potions
 c - 2 potions of curing
 d - a potion of heal wounds
 e - a potion of haste
 f - 2 potions of magic
 g - a potion of berserk rage


   Skills:
 + Level 10.9 Fighting
 + Level 11.7 Axes
 + Level 1.7(7.6) Polearms
 + Level 5.8 Armour
 + Level 6.2 Dodging


You had 5 spell levels left.
You didn't know any spells.
Your spell library was empty.

Dungeon Overview and Level Annotations

Branches:
Dungeon (1/1)

Altars:
Makhleb
Xom
Jiyva
Lugonu


Innate Abilities, Weirdness & Mutations

You have a pair of horns on your head.
You reflexively headbutt those who attack you in melee.


Message History

The kobold demonologist is heavily wounded.
The kobold demonologist closely misses you.
The kobold demonologist looks satisfied for a moment.
The kobold demonologist hits you with a +0 dagger. x2
You barely miss the kobold demonologist.
The kobold demonologist is heavily wounded.
The orange demon stings you from afar! The kobold demonologist misses you.
The kobold demonologist hits you with a +0 dagger.
You miss the kobold demonologist.
The kobold demonologist is heavily wounded.
The kobold demonologist gestures wildly while chanting.
The kobold demonologist closely misses you.
The floating eye gazes piercingly through you!
You suddenly lose the ability to move!
The kobold demonologist hits you with a +0 dagger.
The kobold demonologist mumbles some strange words.
The floating eye seems to glare at you. The orange demon stings you from afar!
The kobold demonologist hits you but does no damage.
The kobold demonologist hits you with a +0 dagger.
The orange demon stings you from afar.
You are poisoned.
The orange demon poisons you!
The kobold demonologist hits you with a +0 dagger. x2
* * * LOW HITPOINT WARNING * * *
You can move again.
Unknown command.
You slice the kobold demonologist!! You burn the kobold demonologist!
You kill the kobold demonologist!
Trog accepts your kill.
Trog appreciates your killing of a magic user.
The ufetubus disappears in a puff of smoke!
The iron imp disappears in a puff of smoke!
* * * LOW HITPOINT WARNING * * *
You feel extremely sick.
The kobold demonologist hits you with a +0 dagger.
* * * LOW HITPOINT WARNING * * *
The floating eye gazes piercingly through you!
You shrug off the repeated paralysis!
The orange demon stings you from afar!
You die...

#####################
.').#..'..#__#..@G.ยง#
.#..'..#..'..'..#K3.#
###'#####+#__####45.+
#..# #### #### ####


You could see a sun demon (summoned), an orange demon (summoned), a kobold
demonologist, a floating eye and a shadow imp (summoned).

Vanquished Creatures
  A kobold demonologist (D)
  A slime creature (D)
  Sigmund (D)
  An ogre (D)
  Ijyb (D)
5 creatures vanquished.

Notes
Turn   | Place    | Note
-------+----------+-------------------------------------------
     0 | D        | boopmooplesden the Minotaur Berserker began the quest for
                  | the Orb.
     0 | D        | Reached XP level 1. HP: 19/19 MP: 0/0
     1 | D        | Noticed Ijyb
    11 | D        | Killed Ijyb
    12 | D        | Reached skill level 5 in Fighting
    12 | D        | Reached skill level 5 in Axes
    12 | D        | Reached XP level 2. HP: 29/29 MP: 1/1
   186 | D        | Noticed an ogre
   189 | D        | Killed an ogre
   190 | D        | Reached skill level 8 in Axes
   190 | D        | Reached XP level 3. HP: 38/39 MP: 2/2
   190 | D        | Reached XP level 4. HP: 46/47 MP: 3/3
   282 | D        | Noticed Sigmund
   298 | D        | Killed Sigmund
   298 | D        | Reached ** piety under Trog
   299 | D        | Reached skill level 10 in Axes
   299 | D        | Reached skill level 5 in Armour
   299 | D        | Reached skill level 5 in Dodging
   299 | D        | Reached XP level 5. HP: 48/57 MP: 4/4
   317 | D        | Found a burning altar of Makhleb.
   317 | D        | Found a viscous altar of Jiyva.
   317 | D        | Found a shimmering altar of Xom.
   317 | D        | Found a corrupted altar of Lugonu.
   317 | D        | Noticed a slime creature
   322 | D        | Killed a slime creature
   323 | D        | Reached skill level 10 in Fighting
   323 | D        | Reached skill level 11 in Axes
   323 | D        | Reached skill level 1 in Polearms
   323 | D        | Reached XP level 6. HP: 43/67 MP: 5/5
   535 | D        | Noticed a kobold demonologist
   536 | D        | Noticed a kobold demonologist
   537 | D        | Noticed a floating eye
   538 | D        | Paralysed by a floating eye for 2 turns
   539 | D        | Noticed a sun demon
   540 | D        | Noticed an orange demon
   542 | D        | Paralysed by a floating eye for 3 turns
   545 | D        | Killed a kobold demonologist
   545 | D        | Slain by an orange demon

Illustrated notes

Levels and vault maps discovered:
D:        dungeon_sprint_1 [red_sonja_temple_1, red_sonja_temple_small_1]

Skill      XL: |  1  2  3  4  5 |
---------------+----------------+-----
Fighting       | 5 7 9 10 | 10.9
Axes           | 5 8 10 11 | 11.7
Armour         | 3 4 5 |  5.8
Dodging        | 3 4 5 6 |  6.2
Polearms       | 1 |  1.7

Action                   |  1- 3 |  4- 6 || total
-------------------------+-------+-------++-------
Melee: Hand axe          |    12 |     6 ||    18
       Headbutt          |     1 |     4 ||     5
       Punch             |       |     1 ||     1
       Scythe            |       |     9 ||     9
Invok: Berserk           |     2 |       ||     2
Armor: Animal skin       |     1 |       ||     1
       Leather armour    |       |     1 ||     1
Dodge: Dodged            |     3 |    17 ||    20
